 Dungeon Crawl Stone Soup version 0.29-a0-838-g385bb11a5b (webtiles) character file.

Game seed: 7829885366348879889

1444 buhh the Insei (level 8, 0/57 HPs)
             Began as an Octopode Transmuter on July 14, 2022.
             Was an Initiate of Cheibriados.
             Succumbed to miscasting Spider Form's poison
             ... on level 6 of the Dungeon.
             The game lasted 00:05:35 (5645 turns).

buhh the Insei (Octopode Transmuter)                Turns: 5645, Time: 00:05:36

Health: 0/57       AC:  1    Str: 10    XL:     8   Next: 74%
Magic:  11/11      EV: 15    Int: 19    God:    Cheibriados [......]
Gold:   256        SH:  0    Dex: 13    Spells: 5/11 levels left

rFire   . . .      SeeInvis .     - Unarmed
rCold   . . .      Faith    .   (no shield)
rNeg    . . .      Spirit   .   (helmet restricted)
rPois   .          Reflect  .   (no amulet)
rElec   .          Harm     .   e - +4 ring of slaying
rCorr   .          Rampage  .   (no ring)
Will    .....                   (no ring)
Stlth   +++.......              (no ring)
HPRegen 0.19/turn               (no ring)
MPRegen 0.12/turn               (no ring)
                                (no ring)
                                (no ring)

@: lethally poisoned (0 -> -1), very slightly contaminated, very slow
A: almost no armour, amphibious, 8 rings, camouflage 1, gelatinous body 1,
(nimble swimmer 1), tentacles
a: Renounce Religion


You were on level 6 of the Dungeon.
You worshipped Cheibriados.
Cheibriados was noncommittal.
You visited 2 branches of the dungeon, and saw 7 of its levels.
You also visited: Ossuary.

You collected 256 gold pieces.

Inventory:

Jewellery
 e - a +4 ring of slaying (left tentacle)
 m - a ring of see invisible
Wands
 E - a wand of flame (5)
Scrolls
 a - a scroll of identify {!d}
 b - a scroll of vulnerability
 d - a scroll of magic mapping {!d}
 f - a scroll of noise
 j - a scroll of enchant armour {unknown}
 k - a scroll of silence {unknown}
 l - 3 scrolls of amnesia {unknown}
 r - 3 scrolls of immolation {unknown}
Potions
 g - a potion of curing {unknown}
 h - a potion of attraction {unknown}
 i - a potion of mutation {unknown}
 n - a potion of lignification {!d}
 o - a potion of cancellation {unknown}
 p - 2 potions of invisibility {!d}
 q - a potion of magic {!d}
 s - 2 potions of degeneration {unknown}
 t - a potion of haste {unknown}


   Skills:
 + Level 5.9 Fighting
 + Level 6.2 Dodging
 - Level 2.0 Stealth
 + Level 6.7 Unarmed Combat
 - Level 2.0 Spellcasting
 - Level 2.0 Transmutations
 - Level 1.0 Poison Magic


You had 5 spell levels left.
You knew the following spells:

 Your Spells              Type           Power      Damage    Failure   Level
a - Beastly Appendage     Tmut           18%        N/A       8%          1
b - Wereblood             Tmut           9%         N/A       11%         2
c - Spider Form           Tmut/Pois      7%         N/A       26%         3

Your spell library contained the following spells:

 Spells                   Type           Power      Damage    Failure   Level
 Passwall                 Tmut/Erth      4%         N/A       17%         2
 Ensorcelled Hibernation  Hex/Ice        2%         N/A       26%         2
 Gell's Gravitas          Tloc           1%         N/A       45%         3
 Swiftness                Air            1%         N/A       45%         3
 Teleport Other           Tloc           1%         N/A       45%         3
 Ice Form                 Ice/Tmut       5%         N/A       73%         4
 Dispersal                Tloc           0%         N/A       100%        6


Dungeon Overview and Level Annotations

Branches:
Dungeon (6/15) Zot: 39861  Temple (1/1) D:6 Zot: 8934 Ossuary (visited)

Altars:
Ashenzari
Cheibriados
Elyvilon
Gozag
Kikubaaqudgha
Ru
Sif Muna
Wu Jian
Yredelemnul

Shops:
D:1 (

Annotations:
D:6 exclusions: jelly and steam dragon


Innate Abilities, Weirdness & Mutations

You cannot wear most types of armour.
You are amphibious.
You can wear up to eight rings at the same time.
Your skin changes colour to match your surroundings (Stealth+).
Your rubbery body absorbs attacks. (AC +1, EV +1)
((You are camouflaged when in or above water. (Stealth+)))
You have tentacles for arms and can constrict up to eight enemies at once.


Message History

Cheibriados appreciates the change of pace.
The steam dragon scales are intact enough to wear.
Things that are here:
+0 steam dragon scales; a steam dragon corpse Your transformation is almost over.
s - 2 glowing clear potions Your transformation has ended.
Magic restored.
HP restored.
Things that are here:
+0 steam dragon scales; a steam dragon corpse
t - a glowing emerald potion You open the door.
There is an open door here.
A centaur comes into view.
A centaur is nearby!
A centaur is nearby!
A centaur is nearby!
You miscast Spider Form.
You are very lightly contaminated with residual magic.
Nothing appears to happen.
The centaur shouts!
The centaur wields a +0 shortbow.
The centaur shoots an arrow.
The arrow hits you!
The centaur shoots an arrow.
The arrow hits you!
The centaur shoots an arrow.
The arrow hits you!
The centaur shoots an arrow.
The arrow completely misses you.
You are too injured to fight recklessly!
You miscast Spider Form.
You feel incredibly sick.
You are poisoned.
You feel sick.
The centaur shoots an arrow.
The arrow hits you.
* * * LOW HITPOINT WARNING * * *
The centaur shoots an arrow.
The arrow hits you!
* * * LOW HITPOINT WARNING * * *
As you read the scroll of fear {!d}, it crumbles to dust.
You assume a fearsome visage.
The centaur looks frightened!
* * * LOW HITPOINT WARNING * * *
You feel sick. The centaur yells at you, "GO AWAY!"
It was a potion of magic.
Magic courses through your body.
You die...

.......+.....#...##...#
.......#.....#...##...#
.......# #....#...#
.......# #....#...#
##.....# #....#...#
##.....# #....'...#
.......+ #....#.[.#
.......# #...##...#
.......# #..@##...#
.......# #....#...#
.......# #....#...#
##.....#.....#....#...#
#...$.#.....#c...#...#
.......#.....###+######
.......#.......#
.......#.......#
.......#...>...#


You could see a centaur (fleeing).

Vanquished Creatures
  Eustachio (D:4)
  A steam dragon (D:6)
  A black bear (D:5)
  An ice beast (D:6)
  An ogre (D:6)
  A phantom (D:5)
  An elf zombie (Ossuary)
  A necrophage (D:5)
  Blork the orc (D:5)
  2 bullfrogs
  A scorpion (D:5)
  A howler monkey (D:4)
  2 centaur zombies (Ossuary)
  2 hounds
  A human zombie (Ossuary)
  2 iguanas (D:6)
  Jessica (D:3)
  An orc wizard (D:4)
  2 mummies (Ossuary)
  5 adders
  2 ufetubi (D:5)
  3 adder zombies (Ossuary)
  2 dart slugs
  5 orcs
  4 ball pythons
  8 endoplasms
  4 giant cockroaches
  2 goblins
  7 hobgoblins
  2 jackals (D:1)
  2 quokkas
  2 frilled lizards
  3 goblin zombies (Ossuary)
  10 hobgoblin zombies
  7 kobolds
  11 kobold zombies (Ossuary)
  6 orc zombies (Ossuary)
  3 rats
  A rat zombie (Ossuary)
113 creatures vanquished.

Vanquished Creatures (others)
  4 plants (D:2)
4 creatures vanquished.

Grand Total: 117 creatures vanquished

Notes
Turn   | Place    | Note
-------+----------+-------------------------------------------
     0 | D:1      | buhh the Octopode Transmuter began the quest for the Orb.
     0 | D:1      | Reached XP level 1. HP: 13/13 MP: 3/3
    93 | D:1      | Reached skill level 1 in Stealth
    93 | D:1      | Reached skill level 1 in Poison Magic
    93 | D:1      | Reached XP level 2. HP: 18/18 MP: 3/5
   355 | D:1      | Found a faded altar of an unknown god.
   662 | D:1      | Found Arun's Weapon Boutique.
   834 | D:2      | Reached XP level 3. HP: 10/23 MP: 4/6
  1062 | D:2      | Learned a level 2 spell: Wereblood
  1066 | D:2      | Learned a level 3 spell: Spider Form
  2181 | D:3      | Reached XP level 4. HP: 29/29 MP: 7/7
  2323 | D:3      | Found an ornate altar of the Wu Jian Council.
  2663 | D:3      | Noticed Jessica
  2671 | D:3      | Killed Jessica
  3022 | D:4      | Noticed Eustachio
  3071 | D:4      | Reached XP level 5. HP: 28/35 MP: 6/8
  3263 | D:4      | Reached XP level 6. HP: 41/42 MP: 5/9
  3273 | D:4      | Killed Eustachio
  3941 | D:5      | Entered Level 5 of the Dungeon
  3987 | D:5      | Reached skill level 5 in Unarmed Combat
  3987 | D:5      | Reached XP level 7. HP: 42/48 MP: 7/10
  4543 | D:5      | Reached skill level 5 in Dodging
  4569 | D:5      | Noticed Blork the orc
  4577 | D:5      | Killed Blork the orc
  4578 | D:5      | Reached XP level 8. HP: 47/54 MP: 7/11
  4851 | D:6      | Reached skill level 5 in Fighting
  4852 | D:6      | Found a sand-covered staircase.
  4866 | Ossuary  | Entered an ossuary
  5461 | D:6      | Found a staircase to the Ecumenical Temple.
  5468 | Temple   | Entered the Ecumenical Temple
  5498 | Temple   | Became a worshipper of Cheibriados the Contemplative
  5643 | D:6      | HP: 1/57 [centaur/arrow (14)]
  5645 | D:6      | Succumbed to miscasting Spider Form's poison

Illustrated notes

Levels and vault maps discovered:
D:1:      sevenhm_arrival_forest_fort_small_5, layout_basic,
          nicolae_ecumenical_lake_church, serial_shops,
          nicolae_shop_bloodbath_and_beyond
D:2:      layout_rooms, serial_bayou_lagoon_a
D:3:      layout_basic, nicolae_wu_jian_wuxing_cycle, grunt_ministairs_3,
          hangedman_abyss_or_decor_stabs, bh_walls_and_bars, uniq_jessica
D:4:      layout_loops_cross, minmay_crystal_room, uniq_eustachio
D:5:      layout_loops_cross, uniq_blork_the_orc
D:6:      layout_gridville, minitemple, minmay_temple_entry_statues_pillars,
          serial_shops, nicolae_inconvenience_store, enter_ossuary_3
Temple:   nicolae_temple_bog_church

Skill      XL: |  1  2  3  4  5  6  7  8 |
---------------+-------------------------+-----
Stealth        | 1 2 |  2.0
Poison Magic   | 1 |  1.0
Fighting       | 2 3 4 5 |  5.9
Dodging        | 3 4 5 6 |  6.2
Unarmed Combat | 4 5 6 |  6.7
Spellcasting   | |  2.0
Transmutations | |  2.0

Action                   |  1- 3 |  4- 6 |  7- 9 || total
-------------------------+-------+-------+-------++-------
Melee: Unarmed           |    62 |    63 |   116 ||   241
       Tentacles         |    10 |     4 |    25 ||    39
       Constrict         |    17 |    13 |    33 ||    63
       Kick              |    17 |    11 |    37 ||    65
       Punch             |     4 |     1 |     5 ||    10
 Cast: Beastly Appendage |    25 |    19 |    14 ||    58
       Spider Form       |       |     3 |     5 ||     8
       Wereblood         |       |       |     2 ||     2
  Use: Scroll            |     1 |       |     5 ||     6
       Potion            |       |       |     2 ||     2
 Stab: Sleeping          |     9 |     1 |     4 ||    14
Armor: Skin              |     5 |     2 |     4 ||    11
Dodge: Dodged            |    30 |    42 |    77 ||   149

Table legend: (Time is in decaauts)
 A = Elapsed time spent in this place.
 B = Non-inter-level travel time spent in this place.
 C = Inter-level travel time spent in this place.
 D = Time resting spent in this place.
 E = Time spent auto-exploring this place.
 F = Levels seen in this place.
 G = Mean time per level.
                   A        B        C        D        E       F      G
               +--------+--------+--------+--------+--------+-----+--------+
         Total |   5643 |   5490 |    153 |      0 |   4568 |   8 |  705.4 |
       Dungeon |   5283 |   5150 |    133 |      0 |   4366 |   6 |  880.5 |
        Temple |     51 |     31 |     20 |      0 |     16 |   1 |   51.0 |
       Ossuary |    309 |    309 |      0 |      0 |    186 |   1 |  309.0 |
               +--------+--------+--------+--------+--------+-----+--------+

Top non-repeatable levels by time:
     D:3: 1121 daAuts
     D:2: 1000 daAuts
     D:4: 989 daAuts
     D:5: 893 daAuts
     D:1: 821 daAuts
     D:6: 457 daAuts
 Ossuary: 309 daAuts
  Temple: 51 daAuts
